 Dungeon Crawl Stone Soup version 0.18.1-8-gdd0e5ea (webtiles) character file.

4532 Krapule the Vandal (level 10, -1/68 HPs)
             Began as a Halfling Fighter on May 27, 2016.
             Was an Elder of Okawaru.
             Slain by a hill giant
             ... wielding a +0 giant club
              (24 damage)
             ... on level 6 of the Dungeon.
             The game lasted 00:38:28 (9743 turns).

Krapule the Vandal (Halfling Fighter)               Turns: 9743, Time: 00:38:29

Health: -1/68      AC:  9    Str: 22    XL:     10   Next: 66%
Magic:  4/4        EV: 16    Int:  4    God:    Okawaru [****..]
Gold:   404        SH: 13    Dex: 17    Spells: 0 memorised, 9 levels left

rFire  . . .     SeeInvis +     a - +8 long sword "Petonuze" {antimagic, Str+2 Int-3 SInv}
rCold  . . .     Gourm    .     h - +0 ring mail
rNeg   . . .     Faith    .     c - +1 shield
rPois  .         Spirit   .     E - +0 helmet
rElec  .         Dismiss  .     (no cloak)
rCorr  .         Reflect  .     I - +0 pair of gloves (curse)
SustAt .         Harm     .     (no boots)
MR     .....                    (no amulet)
Stlth  +++.......               m - +3 ring of strength
                                t - +1 ring of evasion

@: not resistant to hostile enchantments, fairly stealthy
A: mutation resistance 1
a: Heroism, Renounce Religion


You were on level 6 of the Dungeon.
You worshipped Okawaru.
Okawaru was greatly pleased with you.
You were near starving.

You visited 2 branches of the dungeon, and saw 9 of its levels.

You collected 404 gold pieces.

Inventory:

Hand Weapons
 a - the +8 long sword "Petonuze" (weapon) {antimagic, Str+2 Int-3 SInv}
   (You found it on level 6 of the Dungeon)

   It disrupts the flow of magical energy around spellcasters and certain
   magical creatures (including the wielder).
   It affects your strength (+2).
   It affects your intelligence (-3).
   It lets you see invisible.
 b - a +1 hunting sling of freezing
 C - a +0 long sword
Missiles
 j - 115 sling bullets
 l - 280 stones (quivered)
Armour
 c - a +1 shield (worn)
 h - a +0 ring mail (worn)
 E - a +0 helmet (worn)
 I - a cursed +0 pair of gloves (worn)
 J - a +0 pair of boots
Jewellery
 e - an uncursed ring of wizardry
 m - a +3 ring of strength (right hand)
 t - a +1 ring of evasion (left hand)
 A - a +4 ring of intelligence
Wands
 y - a wand of random effects (26/48)
 G - a wand of flame (14/48)
Scrolls
 n - 4 scrolls of amnesia
 o - a scroll of fear {unknown}
 r - a scroll of magic mapping
 z - 3 scrolls of remove curse
 H - a scroll of teleportation
Potions
 d - a potion of cure mutation
 g - 3 potions of brilliance
 k - a potion of curing
 q - 4 potions of agility
 v - 2 potions of flight {unknown}
 w - 2 potions of might
 x - a potion of lignification
 B - a potion of haste
 D - a potion of mutation {unknown}
 F - a potion of ambrosia {unknown}
Books
 u - a book of Cantrips

   Spells                             Type                      Level
   a - Corona                         Hexes                        1
   b - Animate Skeleton               Necromancy                   1
   c - Summon Small Mammal            Summoning                    1
   d - Apportation                    Translocation                1
Comestibles
 f - 6 bread rations
 p - 4 fruits
 s - 2 meat rations


   Skills:
 + Level 5.9 Fighting
 + Level 3.8 Long Blades
 + Level 7.6 Slings
 + Level 7.3 Armour
 + Level 6.0 Dodging
 + Level 5.6 Stealth
 + Level 7.3 Shields
 + Level 4.8 Invocations


You had 9 spell levels left.
You didn't know any spells.

Dungeon Overview and Level Annotations

Branches:
Dungeon (8/15)             Temple (1/1) D:4            Lair (0/8) D:8

Altars:
Cheibriados
Dithmenos
Elyvilon
Fedhas
Gozag
Makhleb
Nemelex Xobeh
Okawaru
Pakellas
Qazlal
Ru
Sif Muna
Trog
Vehumet
Xom
Yredelemnul
Zin
The Shining One

Annotations:
D:5 eragonby's ghost, novice TrMo


Innate Abilities, Weirdness & Mutations

You are small and have problems with some larger weapons.
You are somewhat resistant to further mutation.


Message History

You shoot a stone. The stone barely misses the hill giant.
Your +1 hunting sling of freezing stops glowing.
You feel magic leave you.
a - the +8 long sword "Petonuze" (weapon)
{antimagic, Str+2 Int-3 SInv} You slash the hill giant!
The hill giant is moderately wounded.
You block the hill giant's attack.
You slash the hill giant!
The hill giant is heavily wounded.
The hill giant hits you with a giant club!!
You hit the hill giant but do no damage.
The hill giant is heavily wounded.
The hill giant closely misses you.
You slash the hill giant!
The hill giant is severely wounded.
The hill giant hits you with a giant club!!
You slash the hill giant!
The hill giant is almost dead.
The hill giant hits you with a giant club!!
You die...

#.###.....## #..##.#....#
#.##.......# ##.##.......
#.##.......#####......####
#.##......................
##.###>...................#
#..##.)..............>##...
#.###.................##...
####.###......................
##.......#....@C...(.(...((....
##.............##........#######
#...........#####........#,,,'.,
#...........# #........#,,,#o.
#...........# ###........#,,,#(.
##..>......####....#####.#####..
##...#...##....###......#......
#########..####...##.#.#......
#......## #...##.#.#..####


You could see a hill giant.

Vanquished Creatures
  Pikel (D:7)
  Joseph (D:8)
  A two-headed ogre (D:8)
  3 yaks (D:8)
  A basilisk (D:8)
  A hungry ghost (D:8)
  Edmund (D:4)
  Duvessa (D:4)
  2 porcupines (D:7)
  3 slaves (D:7)
  An ice beast (D:6)
  2 ogres
  A phantom (D:5)
  A centaur (D:3)
  A crocodile (D:8)
  4 giant frogs
  A big kobold (D:7)
  A gnoll sergeant (D:7)
  Dowan (D:4)
  3 scorpions (D:7)
  5 killer bees (D:7)
  4 howler monkeys (D:8)
  3 crimson imps
  A quasit (D:8)
  A jelly (D:6)
  A gnoll shaman (D:6)
  An orc priest (D:3)
  3 centaur skeletons
  2 giant frog skeletons
  An iguana (D:6)
  Ijyb (D:3)
  4 orc wizards
  3 worker ants
  A killer bee zombie (D:8)
  A hound zombie (D:7)
  A howler monkey zombie (D:6)
  3 gnolls (D:7)
  11 adders
  2 shadow imps
  3 oozes
  An adder skeleton (D:4)
  3 dart slugs
  6 giant geckos
  11 orcs
  3 giant cockroaches
  3 goblins
  4 hobgoblins
  11 jackals
  15 kobolds
  4 quokkas
  3 ball pythons
  A ball python zombie (D:5)
  8 bats
  A giant gecko zombie (D:6)
  6 giant newts
  6 rats
169 creatures vanquished.

Vanquished Creatures (others)
  A fire dragon (D:2)
  A slave (D:7)
  A goblin (D:2)
  A bush (D:4)
  A fungus (D:8)
  4 plants
9 creatures vanquished.

Grand Total: 178 creatures vanquished

Notes
Turn   | Place    | Note
--------------------------------------------------------------
     0 | D:1      | Krapule the Halfling Fighter began the quest for the Orb.
     0 | D:1      | Reached XP level 1. HP: 15/15 MP: 1/1
   222 | D:1      | Reached XP level 2. HP: 18/20 MP: 2/2
   248 | D:1      | Reached skill level 1 in Stealth
   642 | D:1      | Reached XP level 3. HP: 25/25 MP: 3/3
   969 | D:2      | Found an oddly glowing altar of Pakellas.
   969 | D:2      | Noticed a fire dragon
  1007 | D:2      | Found a faded altar to an unknown god.
  1007 | D:2      | Killed a fire dragon
  1022 | D:2      | Found a white marble altar of Elyvilon.
  1265 | D:2      | Reached XP level 4. HP: 31/31 MP: 4/4
  2262 | D:3      | Reached XP level 5. HP: 34/36 MP: 5/5
  2463 | D:3      | Noticed a centaur
  2688 | D:3      | Reached skill level 1 in Dodging
  2700 | D:3      | Reached skill level 1 in Slings
  2958 | D:3      | Noticed Ijyb
  2976 | D:3      | Killed Ijyb
  2976 | D:3      | Reached XP level 6. HP: 26/42 MP: 6/6
  3111 | D:3      | Found a shimmering altar of Xom.
  3531 | D:4      | Noticed a phantom
  3888 | D:4      | Noticed Edmund
  3920 | D:4      | Killed Edmund
  3920 | D:4      | Reached XP level 7. HP: 11/47 MP: 7/7
  4380 | D:4      | Found a staircase to the Ecumenical Temple.
  4381 | D:4      | Noticed Duvessa
  4381 | D:4      | Noticed Dowan
  4431 | D:4      | Reached skill level 5 in Shields
  4442 | D:4      | Killed Dowan
  4442 | D:4      | Reached skill level 5 in Armour
  4737 | D:4      | Killed Duvessa
  4737 | D:4      | Reached XP level 8. HP: 11/54 MP: 8/8
  5080 | Temple   | Entered the Ecumenical Temple
  5088 | Temple   | Became a worshipper of Warmaster Okawaru
  5234 | D:4      | Found an opulent altar of Gozag.
  5264 | D:4      | Found a glowing silver altar of Zin.
  5376 | D:5      | Entered Level 5 of the Dungeon
  5428 | D:5      | Found a burning altar of Makhleb.
  5544 | D:5      | Reached skill level 1 in Invocations
  5753 | D:5      | Noticed eragonby's ghost (novice TrMo)
  6170 | D:6      | Got a jewelled long sword
  6171 | D:6      | Identified the +8 long sword "Petonuze" {antimagic, Str+2 Int-3 SInv} (You found it on level 6 of the Dungeon)
  6204 | D:6      | Found a stormy altar of Qazlal.
  6218 | D:6      | Reached skill level 5 in Slings
  6360 | D:6      | Reached * piety under Okawaru
  6425 | D:6      | Reached XP level 9. HP: 59/59 MP: 3/10
  6476 | D:6      | Noticed a hill giant
  6903 | D:7      | Noticed Pikel
  7198 | D:7      | Found a blossoming altar of Fedhas.
  7506 | D:7      | Reached skill level 5 in Fighting
  7606 | D:7      | Found a basalt altar of Yredelemnul.
  7615 | D:7      | Found a glowing golden altar of the Shining One.
  7674 | D:7      | Killed Pikel
  7674 | D:7      | Reached ** piety under Okawaru
  7674 | D:7      | Reached skill level 5 in Dodging
  8684 | D:8      | Noticed Joseph
  8696 | D:8      | Killed Joseph
  8696 | D:8      | Reached XP level 10. HP: 66/66 MP: 4/12
  8701 | D:8      | Reached *** piety under Okawaru
  8870 | D:8      | Found a staircase to the Lair.
  8928 | D:8      | Reached skill level 5 in Stealth
  8933 | D:8      | Reached **** piety under Okawaru
  8933 | D:8      | Received a gift from Okawaru
  9442 | D:7      | Received a gift from Okawaru
  9694 | D:7      | Noticed an angel
  9743 | D:6      | Slain by a hill giant

Skill      XL: |  1  2  3  4  5  6  7  8  9 10 |
---------------+-------------------------------+-----
Stealth        | 1 2 4 5 |  5.6
Fighting       | 3 4 5 |  5.9
Shields        | 4 5 6 7 |  7.3
Dodging        | 1 3 4 5 6 |  6.0
Slings         | 1 3 4 5 6 7 |  7.6
Armour         | 4 5 6 7 |  7.3
Invocations    | 2 3 4 |  4.8
Long Blades    | 3 |  3.8

Action                   |  1- 3 |  4- 6 |  7- 9 | 10-12 || total
-------------------------+-------+-------+-------+-------++-------
Melee: Long sword        |    97 |   189 |   309 |   112 ||   707
 Fire: Hunting sling     |       |     9 |    86 |    31 ||   126
Evoke: Wand              |       |       |     2 |       ||     2
  Use: Scroll            |       |     6 |    13 |       ||    19
       Potion            |       |     1 |     2 |     1 ||     4
 Stab: Sleeping          |       |     2 |       |       ||     2
       Distracted        |       |       |     1 |       ||     1
  Eat: Chunk             |     1 |     8 |    13 |     4 ||    26
       Fruit             |       |       |     4 |       ||     4
       Beef jerky        |       |       |     1 |       ||     1
Armor: Scale mail        |     2 |       |       |       ||     2
       Ring mail         |    26 |    34 |    52 |    21 ||   133
       Skin              |       |       |    28 |    11 ||    39
Dodge: Dodged            |    47 |    60 |   174 |    86 ||   367
Block: Shield            |    75 |    86 |   245 |    82 ||   488
